 Dungeon Crawl Stone Soup version 0.27-a0-1331-g60ef6b6952 (webtiles) character file.

Game seed: 7597016284900899074

509 Nattfarinn the Stinger (level 6, -9/28 HPs)
             Began as a Spriggan Venom Mage on June 25, 2021.
             Blown up by a gnoll (20 damage)
             ... with a mindburst bolt
             ... on level 3 of the Dungeon.
             The game lasted 00:13:16 (5160 turns).

Nattfarinn the Stinger (Spriggan Venom Mage)        Turns: 5160, Time: 00:13:17

Health: -9/28      AC:  2    Str:  4    XL:     6   Next: 98%
Magic:  1/15       EV: 17    Int: 19    God:
Gold:   93         SH:  0    Dex: 15    Spells: 6/16 levels left

rFire    . . .     SeeInvis +   (weapon restricted)
rCold    . . .     Faith    .   (shield restricted)
rNeg     . . .     Spirit   .   a - +0 robe
rPois    .         Reflect  .   (helmet restricted)
rElec    .         Harm     .   (no cloak)
rCorr    .         Rampage  .   (gloves unavailable)
Will     +....                  (boots unavailable)
Stlth    ++........             (no amulet)
HPRegen  0.09/turn              n - ring of wizardry
MPRegen  0.14/turn              (no ring)

@: very quick
A: very small, no large weapons, unfitting armour, see invisible, speed 3
a: no special abilities


You were on level 3 of the Dungeon.
You visited 1 branch of the dungeon, and saw 3 of its levels.

You collected 93 gold pieces.

Inventory:

Armour
 a - a +0 robe (worn)
Jewellery
 i - an amulet of guardian spirit
 n - a ring of wizardry (left hand)
Scrolls
 c - a scroll of teleportation
 d - a scroll of vulnerability {unknown}
 e - 2 scrolls of silence
 f - a scroll of magic mapping {unknown}
 g - a scroll of fear {unknown}
 h - a scroll of immolation {unknown}
 m - a scroll of amnesia {unknown}
 o - a scroll of torment {unknown}
Potions
 b - a potion of lignification {unknown}
 k - a potion of heal wounds {unknown}
 l - a potion of attraction {unknown}


   Skills:
 - Level 2.6 Dodging
 - Level 3.0 Stealth
 + Level 5.7 Spellcasting
 - Level 1.3 Transmutations
 * Level 6.7 Poison Magic


You had 6 spell levels left.
You knew the following spells:

 Your Spells              Type           Power      Damage    Failure   Level
a - Sting                 Tmut/Pois      80%        1d7       1%          1
b - Poisonous Vapours     Pois/Air       36%        N/A       1%          2
c - Ignite Poison         Fire/Tmut/Pois 15%        N/A       4%          3
d - Olgreb's Toxic Radia  Pois           31%        N/A       2%          4

Your spell library contained the following spells:

 Spells                   Type           Power      Damage    Failure   Level
 Mephitic Cloud           Conj/Pois/Air  13%        N/A       6%          3


Dungeon Overview and Level Annotations

Branches:
Dungeon (3/15)

Altars:

Annotations:
D:3 1 runed translucent door, 1 transporter, Crazy Yiuf


Innate Abilities, Weirdness & Mutations

You are very small and have problems with some larger weapons.
You are too small for most types of armour.
You have supernaturally acute eyesight. (SInv)
You cover ground extremely quickly. (Speed+++)


Message History

Press: ? - help, Dir - move target, f/p - gnoll
Aim: a gnoll, wielding a +2 halberd of venom (heavily wounded, very poisoned) Poisonous vapours surround the gnoll!
The gnoll looks as sick as possible!
The gnoll hits you from afar with a +2 halberd of venom!
You are lethally poisoned!
Casting: Poisonous Vapours (safe; 1% risk of failure)
Confirm with . or Enter, or press ? or * to list all spells.
Aiming: Poisonous Vapours (safe; 1% risk of failure)
Press: ? - help, Dir - move target, f/p - gnoll
Aim: a gnoll, wielding a +2 halberd of venom (heavily wounded, extremely poisoned) Poisonous vapours surround the gnoll!
The gnoll looks as sick as possible!
You feel very sick. The gnoll barely misses you.
Casting: Poisonous Vapours (safe; 1% risk of failure)
Confirm with . or Enter, or press ? or * to list all spells.
Aiming: Poisonous Vapours (safe; 1% risk of failure)
Press: ? - help, Dir - move target, f/p - gnoll
Aim: a gnoll, wielding a +2 halberd of venom (severely wounded, extremely poisoned) Poisonous vapours surround the gnoll!
The gnoll looks as sick as possible!
You feel very sick.
The gnoll hits you from afar with a +2 halberd of venom.
* * * LOW HITPOINT WARNING * * *
You are more poisoned.
It was a potion of curing.
You feel better.
The gnoll hits you from afar with a +2 halberd of venom!
* * * LOW HITPOINT WARNING * * *
You are lethally poisoned!
You feel better. The gnoll closely misses you.
You are too injured to fight recklessly!
Casting: Poisonous Vapours (safe; 1% risk of failure)
Confirm with . or Enter, or press ? or * to list all spells.
Aiming: Sting (safe; 1% risk of failure)
Press: ? - help, Shift-Dir - straight line, f/p - gnoll
Aim: a gnoll, wielding a +2 halberd of venom (almost dead, extremely poisoned, 79% to hit)
The sting hits the gnoll.
The gnoll looks as sick as possible!
You kill the gnoll!
The gnoll zaps a wand.
Your mind is blasted!
Ouch! That really hurt!
You die...

#..≈≈#!.#8###8#..#≈≈..#.# #.
#..≈≈##.###g###g##≈≈..#.###†
##.≈≈#...........#≈≈..#.#...
#.≈≈###.##+##.###≈≈..#.#.#.
#.≈≈..#.# $.#.#..≈≈..#.#†#.
#.≈≈.##.# .#.##.≈≈..#.#.#.
#.≈≈.#..# #..#.≈≈..#.#.#.
#.≈≈.##.#####.##.≈≈..#.#.#.
#.≈≈..#.#8@8#.#............
#.≈≈.©#.'.©.'.#©....##.#†##
#.≈≈..#.#.).#.#.....##.#.##
#.≈≈.##.##.##.##.≈≈.##.#.#
#.≈≈.#g.#...#.g#.≈≈.#....#
#.≈≈.##g'...'.##.≈≈......#
#.≈≈..#g#...#.#..≈≈......#
#.≈≈###g##g##.###≈≈.#...##
#.≈≈#...........#≈≈.....#


You could see a gnoll.

Vanquished Creatures
  Sigmund (D:2)
  A scorpion (D:3)
  A water moccasin zombie (D:3)
  Natasha (thrice) (D:2)
  5 gnolls (D:3)
  3 adders
  2 worms (D:2)
  2 dart slugs
  2 orcs (D:3)
  8 ball pythons
  5 endoplasms
  7 giant cockroaches
  8 hobgoblins
  5 jackals (D:1)
  6 kobolds
  6 quokkas
  7 bats
  6 frilled lizards
  3 goblins
  5 rats
86 creatures vanquished.

Vanquished Creatures (others)
  21 plants
21 creatures vanquished.

Grand Total: 107 creatures vanquished

Notes
Turn   | Place    | Note
-------+----------+-------------------------------------------
     0 | D:1      | Nattfarinn the Spriggan Venom Mage began the quest for the
                  | Orb.
     0 | D:1      | Reached XP level 1. HP: 9/9 MP: 5/5
   233 | D:1      | Reached XP level 2. HP: 13/13 MP: 2/7
   236 | D:1      | Learned a level 2 spell: Poisonous Vapours
   649 | D:1      | Found a faded altar of an unknown god.
   790 | D:1      | Reached XP level 3. HP: 16/16 MP: 4/8
   794 | D:1      | Learned a level 3 spell: Ignite Poison
  1011 | D:1      | Reached skill level 4 in Poison Magic
  1988 | D:2      | Noticed Sigmund
  2281 | D:2      | Reached XP level 4. HP: 18/21 MP: 3/10
  2383 | D:2      | Killed Sigmund
  2384 | D:2      | Reached skill level 5 in Poison Magic
  2384 | D:2      | Reached XP level 5. HP: 7/24 MP: 3/13
  2638 | D:2      | Noticed Natasha
  2643 | D:2      | Killed Natasha
  2850 | D:2      | Noticed Natasha
  2858 | D:2      | Killed Natasha
  2859 | D:2      | Reached skill level 5 in Spellcasting
  2859 | D:2      | Reached XP level 6. HP: 9/28 MP: 1/14
  3093 | D:2      | Noticed Natasha
  3345 | D:2      | Killed Natasha
  3346 | D:2      | Reached skill level 6 in Poison Magic
  3355 | D:2      | Learned a level 4 spell: Olgreb's Toxic Radiance
  3631 | D:3      | Found a runed translucent door.
  3632 | D:3      | Noticed Crazy Yiuf
  4200 | D:3      | Identified the +1 scale mail of Depression {rCorr Str+3}
  4248 | D:3      | Found a transporter.
  4350 | D:3      | Found a transporter.
  5160 | D:3      | Blown up by a gnoll

Illustrated notes

Levels and vault maps discovered:
D:1:      giann_horns, layout_loops_ring, serial_bayou, serial_bayou_lagoon_a,
          serial_bayou_lake_a, serial_bayou_pond_b, serial_bayou_shore_b,
          serial_bayou_shore_b, serial_bayou_pond_d,
          shapermc_ecumenical_altar_flowoftime
D:2:      cheibrodos_helix_gallery, layout_basic, minmay_tall_x, uniq_sigmund,
          uniq_natasha
D:3:      layout_loops_ring, gammafunk_ghost_gnarly_gnolls,
          uniq_crazy_yiuf_cottage

Skill      XL: |  1  2  3  4  5  6 |
---------------+-------------------+-----
Spellcasting   | 3 4 5 |  5.7
Poison Magic   | 4 5 6 |  6.7
Dodging        | |  2.6
Stealth        | |  3.0
Transmutations | |  1.3

Action                   |  1- 3 |  4- 6 || total
-------------------------+-------+-------++-------
Melee: Unarmed           |    13 |     9 ||    22
 Cast: Sting             |    93 |    82 ||   175
       Ignite Poison     |       |     8 ||     8
       Poisonous Vapours |       |    15 ||    15
       Olgreb's Toxic Ra |       |     1 ||     1
  Use: Scroll            |       |     2 ||     2
       Potion            |       |     2 ||     2
Armor: Robe              |     2 |     1 ||     3
Dodge: Dodged            |    44 |    28 ||    72

Table legend: (Time is in decaauts)
 A = Elapsed time spent in this place.
 B = Non-inter-level travel time spent in this place.
 C = Inter-level travel time spent in this place.
 D = Time resting spent in this place.
 E = Time spent auto-exploring this place.
 F = Levels seen in this place.
 G = Mean time per level.
                   A        B        C        D        E       F      G
               +--------+--------+--------+--------+--------+-----+--------+
         Total |   4261 |   4095 |    166 |   1774 |   1752 |   3 | 1420.3 |
       Dungeon |   4261 |   4095 |    166 |   1774 |   1752 |   3 | 1420.3 |
               +--------+--------+--------+--------+--------+-----+--------+

Top non-repeatable levels by time:
     D:1: 1891 daAuts
     D:2: 1209 daAuts
     D:3: 1160 daAuts
